 Dungeon Crawl Stone Soup version 0.30-a0-385-gfebfb9b408 (console) character file.

Game seed: 8861310823671039905

4722 Ignak the Thaumaturge (level 10, -12/77 HPs)
             Began as a Mummy Necromancer on Dec 2, 2022.
             Was a Priest of Vehumet.
             Mangled by a tentacled starspawn (19 damage)
             ... on level 1 of the Abyss.
             The game lasted 00:27:16 (7775 turns).

Ignak the Thaumaturge (Mummy Necromancer)           Turns: 7775, Time: 00:27:16

Health: -12/77     AC: 10    Str: 17 (18) XL:     10   Next: 22%
Magic:  22/22      EV: 18    Int: 16 (19) God:    Vehumet [***...]
Gold:   429        SH:  0    Dex: 12      Spells: 12/25 levels left

rFire   x . .      SeeInvis +    a - +4 whip (pain)
rCold   + . .      Faith    +    (no shield)
rNeg    + + +      Spirit   .    x - +2 robe {Archmagi}
rPois   ∞          Reflect  .    r - +2 helmet {SInv}
rElec   .          Harm     .    B - scarf {repulsion}
rCorr   .          Rampage  .    (no gloves)
Will    +....      Archmagi +    e - +2 pair of boots
Stlth   ++........               (no amulet)
HPRegen 0.32/turn                m - +6 ring of strength
MPRegen 0.18/turn                d - +4 ring of evasion

@: repel missiles
A: cold resistance 1, negative energy resistance 3, torment resistance 2, heat
vulnerability 1, in touch with death 1, no potions, faith
a: Renounce Religion


You were on level 1 of the Abyss.
You worshipped Vehumet.
Vehumet was most pleased with you.
You visited 2 branches of the dungeon, and saw 9 of its levels.
You visited the Abyss 1 time.

You collected 429 gold pieces.

Inventory:

Hand Weapons
 a - a +4 whip of pain (weapon)
 b - a +2 flail of protection
 v - a +2 dagger of venom
 y - a +4 dire flail
Missiles
 j - a throwing net
 q - 6 poisoned darts (quivered)
Armour
 e - a +2 pair of boots (worn)
 k - the +0 cloak of Odystral {rPois Str+2 Dex+5}
   (You found it on level 2 of the Dungeon)

   Str:       It affects your strength (+2).
   Dex:       It affects your dexterity (+5).
   rPois:     It protects you from poison.
 l - the +2 leather armour of Going Fast {Will+ Str+3 Slay+2}
   (You found it on level 3 of the Dungeon)

   Str:       It affects your strength (+3).
   Slay:      It affects your accuracy & damage with ranged weapons and melee
   (+2).
   Will:      It increases your willpower.
 r - a +2 helmet of see invisible (worn)
 x - a +2 robe of the Archmagi (worn)
 B - a scarf of repulsion (worn)
Magical Staves
 w - a staff of death
Jewellery
 d - a +4 ring of evasion (right hand)
 m - a +6 ring of strength (left hand)
 n - a ring of see invisible
 z - a +6 ring of strength
Wands
 A - a wand of polymorph (5)
 C - a wand of paralysis (8)
Scrolls
 c - a scroll of enchant armour
 f - 3 scrolls of immolation
 g - 2 scrolls of torment
 i - 2 scrolls of silence
 o - 2 scrolls of fear
 p - 3 scrolls of magic mapping
 s - a scroll of poison
 t - a scroll of blinking
 u - 2 scrolls of identify
 E - a scroll of amnesia {unknown}


   Skills:
 + Level 6.4 Fighting
 + Level 2.1 Maces & Flails
 - Level 5.0 Armour
 + Level 5.7 Dodging
 - Level 2.0 Stealth
 - Level 1.0 Unarmed Combat
 + Level 8.3 Spellcasting
 + Level 7.7 Necromancy
 + Level 0.4 Fire Magic
 * Level 0.7 Poison Magic


You had 12 spell levels left.
You knew the following spells:

 Your Spells              Type           Power      Damage    Failure   Level
a - Necrotise             Necr           100%       1d9       1%          1
c - Vampiric Draining     Necr           63%        2d10      1%          3
d - Mephitic Cloud        Conj/Pois/Air  11%        N/A       9%          3
f - Scorch                Fire           24%        2d6       4%          2
z - Olgreb's Toxic Radia  Pois           13%        N/A       21%         4

Your spell library contained the following spells:

 Spells                   Type           Power      Damage    Failure   Level
 Magic Dart               Conj           40%        1d5       3%          1
 Animate Dead             Necr           63%        N/A       4%          4
 Hailstorm                Conj/Ice       10%        3d5       9%          3
 Stone Arrow              Conj/Erth      20%        3d8       9%          3
 Apportation              Tloc           20%        N/A       11%         1
 Agony                    Necr           63%        N/A       12%         5
 Call Imp                 Summ           10%        N/A       16%         2
 Portal Projectile        Hex/Tloc       20%        N/A       32%         3
 Animate Armour           Summ/Erth      20%        N/A       71%         4
 Alistair's Intoxication  Tmut/Pois      7%         N/A       95%         5
 Silence                  Hex/Air        5%         N/A       96%         5
 Summon Mana Viper        Hex/Summ       10%        N/A       96%         5
 Conjure Ball Lightning   Conj/Air       5%         3x3d6     97%         6
 Discord                  Hex            5%         N/A       100%        8
 Disjunction              Tloc           5%         N/A       100%        8
 Lehudib's Crystal Spear  Conj/Erth      5%         10d3      100%        8


Dungeon Overview and Level Annotations

Branches:
Dungeon (8/15)             Temple (1/1) D:4
   Lair: D:8-11

Altars:
Ashenzari
Cheibriados
Dithmenos
Fedhas
Gozag
Kikubaaqudgha
Makhleb
Nemelex Xobeh
Okawaru
Qazlal
Ru
Sif Muna
Trog
Uskayaw
Vehumet
Xom
Yredelemnul

Shops:
D:7 (   D:8 *

Annotations:
D:8 Psyche


Innate Abilities, Weirdness & Mutations

You are immune to poison.
Your flesh is cold resistant. (rC+)
You are immune to negative energy. (rN+++)
You are immune to unholy pain and torment.
You are vulnerable to heat. (rF-)
You are in touch with the powers of death.
You do not drink.
You have a special connection with the divine. (Faith)


Message History

The tentacled starspawn closely misses you.
The starspawn tentacle grabs you. The starspawn tentacle constricts you.
Blink to where?
Press: ? - help, Dir - move target The starspawn tentacle's grasp on you weakens, but your attempt to escape fails.
As you read the scroll of blinking, it crumbles to dust.
The starspawn tentacle constricts you.
The tentacled starspawn closely misses you.
The tentacled starspawn tentacle-slaps you!
You escape the starspawn tentacle's grasp.
The starspawn tentacle misses you.
Casting: Mephitic Cloud (dangerous; 9% risk of failure)
Confirm with . or Enter, or press ? or * to list all spells.
Aiming: Vampiric Draining (safe; 1% risk of failure)
Press: ? - help, Shift-Dir - straight line, f - tentacled starspawn
Aim: a tentacled starspawn (lightly damaged, not susceptible)
Okay, then.
Casting: Vampiric Draining (safe; 1% risk of failure)
Confirm with . or Enter, or press ? or * to list all spells.
You don't know that spell.
Unknown command.
Casting: Vampiric Draining (safe; 1% risk of failure)
Confirm with . or Enter, or press ? or * to list all spells.
Okay, then.
Unknown command.
You hit the small abomination.
The small abomination is lightly damaged.
The small abomination hits you.
The small abomination barely misses you.
The starspawn tentacle grabs you. The starspawn tentacle constricts you.
Unknown command.
The starspawn tentacle's grasp on you weakens, but your attempt to escape fails.
The small abomination misses you. The tentacled starspawn bites you!!
* * * LOW HITPOINT WARNING * * *
The tentacled starspawn barely misses you.
The starspawn tentacle constricts you.
You escape the starspawn tentacle's grasp.
The small abomination barely misses you.
The tentacled starspawn bites you!!
You die...

#...
............
#.#........ .#
#...........##
#........###
##......##
#.##.>..##.#
#....w## ##
#...##..X###
### ##.w@.#
##.x..#
###......
#...... #..#..
.#.#. #.# #


You could see a tentacled starspawn, a small abomination and 2 starspawn
tentacles.

Vanquished Creatures
  A two-headed ogre (D:6)
  The ghost of Heedrag the Conjurer, a novice DsCj (D:4)
  Grinder (D:4)
  Sigmund (D:4)
  3 yaks (D:7)
  Eustachio (D:4)
  Edmund (D:5)
  Duvessa (D:7)
  2 sky beasts (D:6)
  2 black bears
  A small abomination (Abyss:1)
  3 centaurs
  An ogre (D:4)
  6 bullfrogs
  A kobold brigand (D:8)
  2 necrophages
  A gnoll sergeant (D:8)
  2 scorpions
  A wight (D:7)
  Dowan (D:7)
  4 howler monkeys
  Crazy Yiuf (D:7)
  2 gnoll boudas
  4 hounds
  3 orc priests
  3 jellies (D:6)
  3 iguanas
  An orc wizard (D:8)
  Robin (D:2)
  18 gnolls
  14 adders
  2 shadow imps
  A white imp (Abyss:1)
  2 worms
  4 dart slugs
  16 orcs
  7 ball pythons
  6 endoplasms
  7 giant cockroaches
  12 goblins
  10 hobgoblins
  2 jackals (D:1)
  4 quokkas
  4 bats
  10 kobolds
  5 rats
179 creatures vanquished.

Vanquished Creatures (collateral kills)
  A ball python (D:3)
  2 goblins (D:2)
  A hobgoblin (D:2)
  A quokka (D:1)
5 creatures vanquished.

Vanquished Creatures (others)
  7 foxfires (Abyss:1)
  3 starspawn tentacles (Abyss:1)
10 creatures vanquished.

Grand Total: 194 creatures vanquished

Notes
Turn   | Place    | Note
-------+----------+-------------------------------------------
     0 | D:1      | Ignak the Mummy Necromancer began the quest for the Orb.
     0 | D:1      | Reached XP level 1. HP: 13/13 MP: 4/4
   353 | D:1      | Reached XP level 2. HP: 17/20 MP: 5/5
  1261 | D:2      | Reached skill level 3 in Spellcasting
  1283 | D:2      | Gained mutation: You are in touch with the powers of death.
                  | [Mummy growth]
  1283 | D:2      | Reached XP level 3. HP: 22/25 MP: 1/7
  1295 | D:2      | Learned a level 3 spell: Vampiric Draining
  1402 | D:2      | Reached skill level 1 in Fighting
  1415 | D:2      | Noticed Robin
  1445 | D:2      | Killed Robin
  1446 | D:2      | Reached XP level 4. HP: 30/32 MP: 4/8
  1494 | D:2      | Reached skill level 1 in Unarmed Combat
  1496 | D:2      | Reached skill level 1 in Armour
  1587 | D:2      | Identified the +0 cloak of Odystral {rPois Str+2 Dex+5}
  1831 | D:3      | Found a faded altar of an unknown god.
  1851 | D:3      | Got the Parchment of Frostbitten Malediction
  2091 | D:3      | Identified the +2 leather armour of Going Fast {Will+ Str+3
                  | Slay+2}
  2364 | D:3      | Reached XP level 5. HP: 31/37 MP: 4/10
  2772 | D:4      | Noticed Grinder
  2806 | D:4      | Killed Grinder
  2807 | D:4      | Reached skill level 4 in Spellcasting
  2807 | D:4      | Reached XP level 6. HP: 45/46 MP: 10/12
  2823 | D:4      | Found a staircase to the Ecumenical Temple.
  2841 | Temple   | Entered the Ecumenical Temple
  2982 | Temple   | Became a worshipper of Vehumet
  3002 | D:4      | Found a runed translucent gate.
  3002 | D:4      | Found a runed translucent gate.
  3002 | D:4      | Found a runed translucent gate.
  3002 | D:4      | Noticed Heedrag's ghost (novice DsCj)
  3038 | D:4      | Reached skill level 5 in Necromancy
  3118 | D:4      | Noticed Eustachio
  3135 | D:4      | Killed Eustachio
  3136 | D:4      | Reached XP level 7. HP: 52/52 MP: 3/14
  3697 | D:4      | Reached * piety under Vehumet
  3697 | D:4      | Offered knowledge of Shock by Vehumet.
  3785 | D:4      | Reached skill level 5 in Spellcasting
  3842 | D:4      | Noticed Sigmund
  3847 | D:4      | Killed Sigmund
  3858 | D:4      | You fall into a shaft and drop 1 floor!
  3858 | D:5      | Entered Level 5 of the Dungeon
  3863 | D:5      | Noticed Edmund
  3866 | D:5      | Found a sacrificial altar of Ru.
  4206 | D:5      | Killed Edmund
  4207 | D:5      | Reached XP level 8. HP: 59/60 MP: 5/16
  4472 | D:4      | Killed Heedrag's ghost
  4489 | D:4      | Reached skill level 6 in Spellcasting
  5296 | D:6      | Reached ** piety under Vehumet
  5298 | D:6      | Offered knowledge of Scorch by Vehumet.
  5361 | D:6      | Learned a level 2 spell: Scorch
  5403 | D:6      | Reached XP level 9. HP: 61/67 MP: 9/19
  5528 | D:6      | Reached skill level 5 in Fighting
  5786 | D:6      | Noticed a two-headed ogre
  5801 | D:6      | Killed a two-headed ogre
  5802 | D:6      | Reached skill level 5 in Dodging
  5802 | D:6      | Reached skill level 7 in Spellcasting
  6653 | D:7      | Noticed Dowan
  6673 | D:7      | Noticed Duvessa
  6717 | D:6      | Offered knowledge of Inner Flame by Vehumet.
  6771 | D:7      | Killed Duvessa
  6775 | D:7      | Killed Dowan
  6818 | D:7      | Reached skill level 1 in Maces & Flails
  6902 | D:7      | Reached skill level 5 in Armour
  6965 | D:7      | Found Ineen's Antique Weapon Emporium.
  7026 | D:7      | Found a runed translucent door.
  7027 | D:7      | Noticed Crazy Yiuf
  7033 | D:7      | Killed Crazy Yiuf
  7033 | D:7      | Reached *** piety under Vehumet
  7095 | D:7      | Reached skill level 8 in Spellcasting
  7120 | D:7      | Reached XP level 10. HP: 56/76 MP: 14/22
  7140 | D:7      | HP: 1/76 [yak (3)]
  7342 | D:8      | Offered knowledge of Olgreb's Toxic Radiance by Vehumet.
  7367 | D:8      | Learned a level 4 spell: Olgreb's Toxic Radiance
  7480 | D:8      | Found Mocypoutt's Demolitions Depot.
  7556 | D:8      | Learned a level 3 spell: Mephitic Cloud
  7592 | D:8      | Noticed Psyche
  7608 | Abyss:1  | Cast into level 1 of the Abyss (Psyche)
  7681 | Abyss:1  | Noticed a cacodemon
  7681 | Abyss:1  | Noticed a wretched star
  7686 | Abyss:1  | Noticed a worldbinder
  7686 | Abyss:1  | Noticed a tentacled starspawn
  7688 | Abyss:1  | Noticed a bog body
  7694 | Abyss:1  | Noticed a goliath frog
  7696 | Abyss:1  | Noticed a goliath frog
  7696 | Abyss:1  | Noticed a will-o-the-wisp
  7713 | Abyss:1  | Found a corrupted altar of Lugonu.
  7767 | Abyss:1  | Noticed a tentacled starspawn
  7775 | Abyss:1  | Mangled by a tentacled starspawn

Illustrated notes

Levels and vault maps discovered:
D:1:      nicolae_arrival_washed_ashore, layout_basic, chequers_garden,
          kennysheep_flooded_box
D:2:      layout_rooms, minmay_worlds_worst_comb, uniq_robin
D:3:      kb_forest_paths, layout_basic, ebering_ecumenical_altar_petrified
D:4:      minmay_wonky_spiral, layout_basic, minmay_temple_entry_trees,
          gammafunk_ghost_split, uniq_eustachio, uniq_grinder, uniq_sigmund
D:5:      layout_cave_pods, general_overflow_altar, hex_tiny, minivault_4,
          minmay_misc_feat_columns, uniq_edmund
D:6:      layout_layer_cave
D:7:      layout_rooms, serial_shops, shop, st_stairs_2, minmay_the_grid_2x2
          [minmay_the_grid_broken_lines, minmay_the_grid_minigrid_medium,
          minmay_the_grid_eight, minmay_the_grid_prize_diamond_cup],
          uniq_crazy_yiuf_cottage, uniq_pikel, uniq_duvessa
D:8:      layout_layer_cave, gammafunk_temple_overflow_pools,
          mainiacjoe_overflow_six_doors_small, serial_glass, glass_columns_b,
          glass_columns_c, nicolae_blasting_shop, st_stairs_2, uniq_psyche
Temple:   nicolae_temple_bog_church
Abyss:1:  base:
D:6

Skill      XL: |  1  2  3  4  5  6  7  8  9 10 |
---------------+-------------------------------+-----
Spellcasting   | 3 4 5 6 8 |  8.3
Stealth        | 2 |  2.0
Fighting       | 1 2 3 4 6 |  6.4
Dodging        | 2 3 4 5 |  5.7
Unarmed Combat | 1 |  1.0
Armour         | 1 2 3 4 5 |  5.0
Necromancy     | 5 6 7 |  7.7
Maces & Flails | 1 2 |  2.1
Fire Magic     | |  0.4
Poison Magic   | |  0.7

Action                   |  1- 3 |  4- 6 |  7- 9 | 10-12 || total
-------------------------+-------+-------+-------+-------++-------
Melee: Dagger            |    55 |       |    64 |       ||   119
       Unarmed           |     3 |       |       |       ||     3
       Punch             |     1 |     2 |     5 |     1 ||     9
       Short sword       |    15 |    64 |       |       ||    79
       Spear             |       |    74 |    91 |       ||   165
       Flail             |       |       |    29 |       ||    29
       Whip              |       |       |    95 |    62 ||   157
       Staff             |       |       |    18 |     8 ||    26
Throw: Dart              |       |     5 |     6 |     1 ||    12
 Cast: Necrotise         |    41 |    41 |     1 |       ||    83
       Vampiric Draining |       |     5 |    44 |    20 ||    69
       Scorch            |       |       |     8 |       ||     8
       Olgreb's Toxic Ra |       |       |       |     2 ||     2
       Mephitic Cloud    |       |       |       |     1 ||     1
Evoke: Wand              |       |       |    10 |       ||    10
  Use: Scroll            |       |     7 |    11 |     6 ||    24
 Stab: Sleeping          |     1 |     4 |     3 |       ||     8
       Distracted        |     1 |       |     1 |       ||     2
Armor: Robe              |    17 |       |    13 |    17 ||    47
       Ring mail         |    15 |    17 |       |       ||    32
       Leather armour    |       |    41 |   149 |       ||   190
Dodge: Dodged            |    82 |   117 |   422 |    91 ||   712
       Repelled          |       |       |       |     2 ||     2

Table legend: (Time is in decaauts)
 A = Elapsed time spent in this place.
 B = Non-inter-level travel time spent in this place.
 C = Inter-level travel time spent in this place.
 D = Time resting spent in this place.
 E = Time spent auto-exploring this place.
 F = Levels seen in this place.
 G = Mean time per level.
                   A        B        C        D        E       F      G
               +--------+--------+--------+--------+--------+-----+--------+
         Total |   7818 |   7646 |    172 |    675 |   4218 |  10 |  781.8 |
       Dungeon |   7486 |   7328 |    158 |    670 |   4218 |   8 |  935.8 |
        Temple |    161 |    148 |     13 |      0 |      0 |   1 |  161.0 |
         Abyss |    169 |    169 |      0 |      5 |      0 |   1 |  169.0 |
               +--------+--------+--------+--------+--------+-----+--------+

Top non-repeatable levels by time:
     D:6: 1497 daAuts
     D:4: 1220 daAuts
     D:1: 1165 daAuts
     D:5: 1135 daAuts
     D:3: 935 daAuts
     D:2: 664 daAuts
     D:7: 449 daAuts
     D:8: 418 daAuts
 Abyss:1: 169 daAuts
  Temple: 161 daAuts
